Map: Orbital Shipyard

Players

BeRZeRK - Winner!

  • Race: Protoss Protoss
  • League: Diamond

LilDicky

  • Race: Terran Terran
  • League: Diamond

VOD

http://www.twitch.tv/tumescentpie

Description

Time

  • Played on: Dec. 31, 2015, 6:47 p.m.
  • Length: 9:25
Show
View Real Time Build Order
Export as new Build Order

BeRZeRK Protoss - Winner!

Build Orders:  

Get SALT Encoding   

  12  0:02  Probe (Chrono Boost)  
  13  0:15  Pylon  
  13  0:18  Probe (Chrono Boost)  
  14  0:29  Probe (Chrono Boost)  
  15  0:37  Gateway  
  15  0:39  Probe (Chrono Boost)  
  16  0:45  Assimilator  
  16  0:50  Assimilator  
  16  0:53  Probe (Chrono Boost)  
  17  1:04  Probe (Chrono Boost)  
  18  1:14  Probe (Chrono Boost)  
  19  1:23  Gateway  
  19  1:28  Cybernetics Core  
  19  1:30  Probe (Chrono Boost)  
  20  1:41  Pylon  
  20  1:43  Probe (Chrono Boost)  
  21  1:54  Probe (Chrono Boost)  
  22  2:05  Stalker  
  22  2:07  Warp Gate  
  22  2:08  Mothership Core (Chrono Boost)  
  26  2:14  Stalker  
  28  2:26  Pylon  
  28  2:35  Stalker (Chrono Boost)  
  28  2:36  Probe (Chrono Boost)  
  31  3:08  Nexus  
  29  3:23  Pylon  
  29  3:27  Pylon  
  29  3:29  Stalker (Chrono Boost)  
  29  3:58  Pylon  
  29  4:00  Pylon  
  29  4:07  Probe  
  30  4:17  Pylon  
  30  4:19  Probe  
  30  4:22  Sentry (Chrono Boost)  
  34  4:25  Sentry (Chrono Boost), Probe  
  35  4:31  Probe  
  35  4:36  Probe  
  37  4:43  Probe  
  36  4:46  Probe  
  35  4:55  Probe  
  35  4:58  Pylon  
  35  4:59  Probe  
  36  5:05  Twilight Council  
  37  5:08  Probe  
  36  5:20  Probe  
  34  5:25  Robotics Facility  
  32  5:39  Stalker  
  30  5:48  Stalker  
  27  6:01  Probe  
  27  6:03  Probe  
  27  6:19  Probe  
  27  6:21  Observer  
  28  6:29  Probe  
  28  6:41  Probe  
  28  6:42  Observer  
  30  6:48  Probe  
  31  6:59  Probe x2  
  33  7:11  Probe (Chrono Boost)  
  33  7:12  Probe (Chrono Boost)  
  35  7:23  Probe (Chrono Boost)  
  35  7:24  Probe (Chrono Boost)  
  37  7:33  Probe (Chrono Boost)  
  37  7:34  Probe (Chrono Boost)  
  40  7:44  Probe (Chrono Boost)  
  40  7:59  Probe x2 (Chrono Boost)  
  40  8:03  Stargate  
  42  8:10  Probe x2 (Chrono Boost)  
  44  8:20  Probe x2 (Chrono Boost)  
  46  8:39  Stalker x2  
  46  9:08  Stalker  
  47  9:12  Probe x2 (Chrono Boost)  
  46  9:18  Stalker  
Show
View Real Time Build Order
Export as new Build Order

LilDicky Terran 

Build Orders:  

Get SALT Encoding   

  12  0:01  SCV  
  13  0:13  SCV  
  14  0:18  Supply Depot  
  14  0:25  SCV  
  15  0:30  Refinery  
  15  0:39  SCV  
  16  0:47  Barracks  
  16  0:53  SCV  
  17  1:07  SCV  
  18  1:19  SCV  
  20  1:34  Marine  
  20  1:35  Supply Depot  
  20  1:36  Factory  
  21  1:41  Orbital Command  
  20  1:52  Marine  
  21  2:01  Barracks  
  21  2:07  Barracks  
  21  2:14  SCV  
  21  2:15  Barracks Reactor  
  22  2:19  Refinery  
  22  2:28  SCV  
  23  2:37  Supply Depot  
  23  2:40  SCV  
  23  2:41  Widow Mine  
  26  2:50  Barracks Tech Lab  
  25  2:52  SCV, Marine  
  25  2:55  Barracks Tech Lab  
  25  2:58  Marine  
  27  3:04  SCV  
  29  3:10  Widow Mine  
  31  3:16  SCV  
  34  3:22  Marine x2  
  34  3:23  Marine  
  34  3:26  Marine  
  36  3:42  Bunker  
  32  3:59  Supply Depot  
  13  5:05  Hellion  
  10  5:09  Orbital Command  
  10  5:33  Hellion  
  12  5:38  Starport  
  12  5:54  Supply Depot  
  12  5:55  Supply Depot x2  
  8  6:13  SCV  
  9  6:29  Starport Tech Lab  
  9  6:32  Supply Depot  
  9  6:48  Banshee  
  10  6:57  Refinery  
  8  7:09  Cloaking Field  
  8  7:17  SCV  
  9  7:33  Viking  
  5  8:03  Orbital Command  
  5  8:33  SCV  
Tags
 
Add a new tag
Caveats
  • Supply blocks, unpowered buildings, or Contaminate may cause inaccurate times.
  • Supply counts are checked every 10 seconds.